AoeStats
← coolbeans

Nomad

509637581Analyzed
2v2 RM · 6d ago on Sep 27, 2026· 30m 38s· 4 players
Game mode
Random Map
Map size
176×176
Population
200
Speed
Normal
Resources
Standard
Victory
Conquest
Starting age
Dark Age
Ending age
Imperial Age
RankedLock teamsTeams togetherTeam positionsShared explorationLock speedFull tech treeHidden civsTurbo modeCheats
Victory
Defeat
🇺🇸 Persians · United States
1324
+13
🇺🇸 Saxons · United States
1277
+15
🇩🇪 Varangians · Germany
1263
-14
1263
-14
Alonso Quesada de la Mancha
4:52 Loom
13:40 Feudal Age
18:17 Castle Age
16:19 Double-Bit Axe
17:29 Gold Mining
21:26 Scale Barding Armor
22:06 Forging
22:16 Bow Saw
22:13 Husbandry
24:31 Horse Collar
25:50 Scale Mail Armor
26:20 Chain Barding Armor
27:46 Wheelbarrow
coolbeans
6:14 Loom
14:01 Feudal Age
16:53 Bloodlines
22:12 Gold Mining
27:04 Castle Age
29:02 Husbandry
WingsRegained
11:27 Feudal Age
11:18 Loom
12:27 Double-Bit Axe
14:16 Horse Collar
15:31 Fletching
20:55 Castle Age
20:16 Fishing Lines
20:11 Man-at-Arms
21:50 Bow Saw
21:43 Heavy Plow
22:24 Gold Mining
24:00 Gold Shaft Mining
24:20 Wheelbarrow
23:30 Town Watch
23:43 Gillnets
26:08 Hand Cart
26:07 Scale Barding Armor
26:13 Forging
27:25 Chain Barding Armor
27:46 Bloodlines
28:17 Husbandry
30:11 Medium Warships
31:38 Iron Casting
Tavious330
5:09 Loom
14:52 Feudal Age
19:17 Castle Age
18:14 Fletching
18:53 Double-Bit Axe
19:27 Horse Collar
22:08 Bodkin Arrow
26:23 Squires
28:44 Scale Mail Armor
30:16 Chain Mail Armor
Connection lost

Rejoining the realm…

Still unreachable

The connection could not be restored.

Session expired

The server has moved on; the page needs a fresh start.